 Dungeon Crawl Stone Soup version 0.17-a0-1567-gdd419b1 (webtiles) character file.

123 Chiseanne the Skirmisher (level 4, -2/38 HPs)
             Began as a Demonspawn Wanderer on July 22, 2015.
             Slain by an orc warrior
             ... wielding a +0 hand axe
              (17 damage)
             ... on level 3 of the Dungeon.
             The game lasted 00:06:01 (1808 turns).

Chiseanne the Skirmisher (Demonspawn Wanderer)      Turns: 1808, Time: 00:06:02

Health: -2/38      AC:  6    Str: 15    XL:     4   Next: 80%
Magic:  13/13      EV: 10    Int: 11    God:
Gold:   108        SH:  0    Dex: 17    Spells: 0 memorised, 3 levels left

rFire  . . .     SeeInvis .     a - +2 short sword (speed)
rCold  . . .     Clarity  .     g - +0 ring mail (curse)
rNeg   . . .     SustAt   .     (no shield)
rPois  .         Gourm    .     (helmet restricted)
rElec  .         Spirit   .     l - +0 cloak
rCorr  .         Warding  .     (no gloves)
rMut   .         Stasis   .     (no boots)
MR     .....                    (no amulet)
Stlth  +++.......               (no ring)
                                m - ring of magical power

@: not resistant to hostile enchantments, fairly stealthy
A: horns 1, thin skeletal structure 2, powered by pain 1
a: no special abilities


You were on level 3 of the Dungeon.
You were not hungry.

You visited 1 branch of the dungeon, and saw 3 of its levels.

You collected 108 gold pieces.

Inventory:

Hand weapons
 a - a +2 short sword of speed (weapon)
 d - a cursed -2 dagger
Missiles
 b - 51 arrows
 s - 28 poisoned needles
Armour
 g - a cursed +0 ring mail (worn)
 l - a +0 cloak (worn)
Magical staves
 o - a cursed staff of cold {unknown}
Jewellery
 f - a cursed ring of invisibility
 m - a ring of magical power (left hand)
Magical devices
 i - a wand of frost (15)
Scrolls
 h - 3 scrolls of magic mapping
Potions
 c - a potion of lignification
 n - 2 potions of curing
 p - a potion of haste {unknown}
 q - a potion of might {unknown}
 r - a potion of poison {unknown}
Comestibles
 e - a bread ration
 j - 5 chunks of flesh
 k - a meat ration


   Skills:
 - Level 4.6 Fighting
 + Level 1.4 Short Blades
   Level 1.0 Axes
   Level 1.0 Bows
 * Level 2.9 Armour
 - Level 0.6 Dodging
 * Level 2.0 Stealth
 - Level 1.0 Evocations


You had 3 spell levels left.
You didn't know any spells.

Dungeon Overview and Level Annotations

Branches:
Dungeon (3/15)

Altars:
Qazlal


Innate Abilities, Weirdness & Mutations

You have a moderately thin skeletal structure (Dex +4, Stealth+).
You sometimes gain a little power by taking damage.
You have a pair of small horns on your head.


Message History

The orc wizard seems to speed up.
You hit the orc wizard but do no damage.
The orc wizard is almost dead.
The orc warrior barely misses you.
The orc wizard hits you but does no damage.
You hit the orc wizard.
You kill the orc wizard!
Your Stealth skill increases to level 2!
The orc hits you but does no damage.
The orc warrior hits you with a hand axe!
You barely miss the orc. The orc hits you but does no damage.
The orc hits you but does no damage.
You hit the orc.
The orc is moderately wounded.
The orc warrior barely misses you.
You closely miss the orc. Your headbutt misses the orc.
The orc is moderately wounded.
The orc hits you but does no damage.
The orc warrior hits you with a hand axe!
You die...

..._.....####.# ##
... #.......# ##.
.. #..#....#####..
#.###..####........
#.#...## #####..##
#....## ##..##
###.)..# #....#
#...#o## #....#
#...@o# ##..##
#...### #..# #...
#### ####


You could see an orc warrior and an orc.

Vanquished Creatures
  An orc wizard (D:3)
  4 adders
  3 worms (D:2)
  3 giant geckos
  2 orcs (D:3)
  A ball python (D:2)
  3 bats (D:1)
  4 giant cockroaches
  5 goblins
  5 hobgoblins
  3 giant newts (D:1)
  2 jackals (D:2)
  12 kobolds
  6 rats
54 creatures vanquished.

Notes
Turn   | Place    | Note
--------------------------------------------------------------
     0 | D:1      | Chiseanne the Demonspawn Wanderer began the quest for the Orb.
     0 | D:1      | Chiseanne set off with: a wand of frost (15), a +0 ring mail, a potion of lignification, a +0 club, a bread ration
     0 | D:1      | Reached XP level 1. HP: 19/19 MP: 1/1
     2 | D:1      | Noticed an octopode
     2 | D:1      | Noticed a minotaur
     6 | D:1      | Noticed a human
     6 | D:1      | Noticed a merfolk
     8 | D:1      | Noticed a vine stalker
    10 | D:1      | Noticed a formicid
    12 | D:1      | Noticed a gargoyle
    12 | D:1      | Noticed a draconian
    14 | D:1      | Noticed a tengu
    14 | D:1      | Noticed an elf
    16 | D:1      | Noticed a dwarf
    16 | D:1      | Noticed a demigod
    18 | D:1      | Noticed a naga
    18 | D:1      | Noticed a ghoul
    20 | D:1      | Noticed a centaur
    20 | D:1      | Noticed a demonspawn
    22 | D:1      | Noticed a felid
    24 | D:1      | Noticed an ogre
    24 | D:1      | Noticed a vampire
    26 | D:1      | Noticed a troll
    26 | D:1      | Noticed a spriggan
   502 | D:1      | Gained mutation: You sometimes gain a little power by taking damage. [demonic ancestry]
   502 | D:1      | Reached XP level 2. HP: 25/25 MP: 2/2
   697 | D:1      | Gained mutation: You have a pair of small horns on your head. [potion of beneficial mutation]
   840 | D:2      | Gained mutation: You have a somewhat thin skeletal structure (Dex +2, Stealth). [demonic ancestry]
   840 | D:2      | Reached XP level 3. HP: 25/31 MP: 3/3
   848 | D:2      | Reached skill level 1 in Short Blades
  1104 | D:2      | Gained mutation: You have a moderately thin skeletal structure (Dex +4, Stealth+). [demonic ancestry]
  1104 | D:2      | Reached XP level 4. HP: 30/38 MP: 4/4
  1790 | D:3      | Found a stormy altar of Qazlal.
  1793 | D:3      | Noticed an orc warrior
  1808 | D:3      | Slain by an orc warrior

Vault maps used:
D:1:      kb_arrival_jail
D:2:      minivault_11
D:3:      grunt_qazlal_clouds

Action                   |  1- 3 |  4- 6 || total
-------------------------+-------+-------++-------
Melee: Club              |    15 |       ||    15
       Short sword       |   112 |    62 ||   174
  Use: Scroll            |     4 |     3 ||     7
       Potion            |     2 |       ||     2
 Stab: Sleeping          |     2 |     2 ||     4
  Eat: Chunk             |     1 |     2 ||     3
